 Dungeon Crawl Stone Soup version 0.27-a0-1228-gfd60fd639a (webtiles) character file.

Game seed: 7793426535391983594

12 dickylongcocking the Magician (level 2, -5/23 HPs)
             Began as a Djinni Arcane Marksman on June 7, 2021.
             Frozen to death by an endoplasm (7 damage)
             ... on level 1 of the Dungeon.
             The game lasted 00:01:11 (1218 turns).

dickylongcocking the Magician (DjAM)                Turns: 1218, Time: 00:01:12

Health: -5/23      AC:  5    Str:  9    XL:     2   Next: 45%
Gold:   0          EV:  9    Int: 14    God:
                   SH:  3    Dex: 13

rFire    + + .     SeeInvis .   c - +0 dagger
rCold    x . .     Faith    .   b - +0 buckler
rNeg     . . .     Spirit   .   g - +0 ring mail
rPois    ∞         Reflect  .   (no helmet)
rElec    .         Harm     .   (no cloak)
rCorr    .         Rampage  .   (no gloves)
Will     .....                  (boots unavailable)
Stlth    +.........             (no amulet)
HPRegen  0.07/turn              (no ring)
MPRegen  0.00/turn              (no ring)

@: flying
A: sickness immunity, fire resistance 2, cold vulnerability 1, float, innate
caster, hp casting, extra vitality 1
a: no special abilities


You were on level 1 of the Dungeon.
You visited 1 branch of the dungeon, and saw 1 of its levels.

Inventory:

Hand Weapons
 c - a +0 dagger (weapon)
Missiles
 d - a throwing net
 e - 3 javelins (quivered)
Armour
 a - a +0 robe
 b - a +0 buckler (worn)
 g - a +0 ring mail (worn)
Scrolls
 f - a scroll of vulnerability {unknown}


   Skills:
 * Level 1.8 Fighting
 * Level 0.5 Short Blades
 - Level 1.5 Throwing
 - Level 2.1 Dodging
 * Level 0.7 Shields
 - Level 2.4 Spellcasting


You couldn't memorise any spells.
You knew the following spells:

 Your Spells              Type           Power      Damage    Failure   Level
a - Corona                Hex            8%         N/A       36%         1
b - Slow                  Hex            8%         N/A       50%         2
c - Inner Flame           Hex/Fire       8%         N/A       73%         3
d - Portal Projectile     Hex/Tloc       16%        N/A       73%         3
e - Cause Fear            Hex            4%         N/A       98%         4
f - Leda's Liquefaction   Hex/Erth       4%         N/A       98%         4
Your spell library was empty.

Dungeon Overview and Level Annotations

Branches:
Dungeon (1/15)

Altars:


Innate Abilities, Weirdness & Mutations

You are immune to sickness and miasma.
You are immune to poison.
Your flesh is very heat resistant. (rF++)
You are vulnerable to cold. (rC-)
You float through the air rather than walking.
You learn spells naturally, not from books.
Your magical power is your life essence.
You have superior vitality. (+4 HP)


Message History

The hobgoblin hits you but does no damage.
You closely miss the hobgoblin.
The hobgoblin is almost dead.
The hobgoblin hits you but does no damage.
You hit the hobgoblin but do no damage.
The hobgoblin is almost dead.
The hobgoblin hits you.
You hit the hobgoblin.
You kill the hobgoblin!
No target in view!
You see here a hobgoblin corpse.
Key pressed, stopping explore.
No target in view!
An endoplasm comes into view.
The endoplasm quivers.
An endoplasm is nearby!
An endoplasm is nearby!
The endoplasm freezes you.
You are frozen!
You feel a terrible chill!
An endoplasm is nearby!
You hit the endoplasm.
The endoplasm is moderately wounded.
The endoplasm freezes you.
You are frozen!
You feel a terrible chill!
You barely miss the endoplasm.
The endoplasm is moderately wounded.
The endoplasm freezes you.
You are frozen!
You feel a terrible chill!
* * * LOW HITPOINT WARNING * * *
You are too injured to fight recklessly!
You hit the endoplasm.
The endoplasm is heavily wounded.
The endoplasm hits you.
* * * LOW HITPOINT WARNING * * *
You are too injured to fight recklessly!
You hit the endoplasm.
The endoplasm is almost dead.
The endoplasm freezes you.
You are frozen!
You feel a terrible chill!
You die...

........#.##.......#
##..###...###.#8[8##
##..# #..## #.##### #..#
#..# #.# #..# #..#
#..###..####.#
#............#
#.#.....#############≈≈
##.#(###.##.....@J...PP≈
##÷#.# #.##.#####.##≈≈P≈
##.#.# #.##.# ... ≈
##.#.# #....# .#.♣ #.#.#
####.# .##♣ ##.#.#
#.#####.# .....#
#.......# ...###
##...#### #### #....#


You could see an endoplasm.

Vanquished Creatures
  A dart slug (D:1)
  A bat (D:1)
  A goblin (D:1)
  3 hobgoblins (D:1)
  A quokka (D:1)
  A frilled lizard (D:1)
  A rat (D:1)
9 creatures vanquished.

Notes
Turn   | Place    | Note
-------+----------+-------------------------------------------
     0 | D:1      | dickylongcocking the Djinni Arcane Marksman began the quest
                  | for the Orb.
     0 | D:1      | Reached XP level 1. HP: 17/17 MP: 0/0
   807 | D:1      | Reached XP level 2. HP: 15/22 MP: 0/0
  1218 | D:1      | Frozen to death by an endoplasm

Illustrated notes

Levels and vault maps discovered:
D:1:      mrwooster_arrival_statue_2, layout_loops_ring, serial_bayou_ford_a,
          minmay_crystal_room

Action                   || total
-------------------------++-------
Melee: Dagger            ||    91
       Unarmed           ||     8
Throw: Javelin           ||    10
       Throwing net      ||     2
 Cast: Corona            ||     3
Armor: Robe              ||    33
       Ring mail         ||    12
Dodge: Dodged            ||    65
Block: Buckler           ||    16

Table legend: (Time is in decaauts)
 A = Elapsed time spent in this place.
 B = Non-inter-level travel time spent in this place.
 C = Inter-level travel time spent in this place.
 D = Time resting spent in this place.
 E = Time spent auto-exploring this place.
 F = Levels seen in this place.
 G = Mean time per level.
                   A        B        C        D        E       F      G
               +--------+--------+--------+--------+--------+-----+--------+
         Total |   1228 |   1194 |     34 |    618 |    354 |   1 | 1228.0 |
       Dungeon |   1228 |   1194 |     34 |    618 |    354 |   1 | 1228.0 |
               +--------+--------+--------+--------+--------+-----+--------+

Top non-repeatable levels by time:
     D:1: 1228 daAuts
